 Dungeon Sprint DCSS version 0.23.0 (webtiles) character file.

Game seed: 10320876458125939041

74340 Groucho the Impregnable (level 15, -28/109 HPs)
             Began as a Gargoyle Fighter on Feb 13, 2019.
             Was a High Priest of Cheibriados.
             Killed from afar by Xtahua (93 damage)
             ... with a searing blast
             ... in the Dungeon (Sprint IX: "|||||||||||||||||||||||||||||").
             The game lasted 00:14:44 (4985 turns).

Groucho the Impregnable (Gargoyle Fighter)          Turns: 4985, Time: 00:14:45

Health: -28/109    AC: 48    Str: 34    XL:     15   Next: 46%
Magic:  28/28      EV: 26    Int: 24    God:    Cheibriados [*****.]
Gold:   1135       SH: 18    Dex: 28    Spells: 14/14 levels left

rFire    . . .     SeeInvis .   p - +2 morningstar (protect)
rCold    . . .     Gourm    .   c - +0 shield
rNeg     + . .     Faith    .   H - +2 plate armour {rPois}
rPois    ∞         Spirit   .   q - +0 helmet
rElec    +         Reflect  .   a - +0 cloak
rCorr    .         Harm     .   y - +0 pair of gloves
MR       +....     NoTele   +   G - +1 pair of boots
Stlth    ..........             B - amulet of magic regeneration
HPRegen  0.28/turn              b - +2 ring of evasion
MPRegen  0.46/turn              A - +2 ring of evasion

@: protection aura, very slow
A: big wings, negative energy resistance 1, electricity resistance, unbreathing,
petrification resistance, rot immunity, AC +11
a: Fly, Bend Time, Temporal Distortion, Slouch, Step From Time, Renounce
Religion


You were in the Dungeon.
You worshipped Cheibriados.
Cheibriados was extremely pleased with you.
You were not hungry.

You visited 1 branch You collected 1915 gold pieces.
You spent 780 gold pieces at shops.

Inventory:

Hand Weapons
 p - a +2 morningstar of protection (weapon)
Armour
 a - a +0 cloak (worn)
 c - a +0 shield (worn)
 q - a +0 helmet (worn)
 y - a +0 pair of gloves (worn)
 G - a +1 pair of boots (worn)
 H - a +2 plate armour of poison resistance (worn)
Jewellery
 b - a +2 ring of evasion (left hand)
 r - an uncursed ring of protection from cold
 s - a +3 ring of intelligence
 A - a +2 ring of evasion (right hand)
 B - an amulet of magic regeneration (around neck)
 C - an uncursed ring of protection from magic
 F - an uncursed ring of fire
Wands
 o - a wand of iceblast (10)
 v - a wand of clouds (6)
Scrolls
 k - 3 scrolls of blinking
 m - 8 scrolls of remove curse
 n - 2 scrolls of amnesia
 u - a scroll of fear
 w - a scroll of enchant weapon
 z - 2 scrolls of enchant armour
 I - a scroll of fog
Potions
 d - a potion of might
 e - a potion of invisibility
 h - 3 potions of haste
 i - 4 potions of magic
 j - 2 potions of berserk rage
 l - 2 potions of curing
 t - 2 potions of agility
 x - a potion of brilliance
Comestibles
 f - 7 rations


   Skills:
 + Level 18.5 Fighting
 - Level 17.9 Maces & Flails
 + Level 21.6 Armour
 + Level 13.6 Dodging
 + Level 18.5 Shields
 - Level 18.7 Invocations


You had 14 spell levels left.
You didn't know any spells.
Your spell library was empty.

Dungeon Overview and Level Annotations

Branches:
Dungeon (1/1)

Altars:
Cheibriados
Dithmenos
Elyvilon
Fedhas
Gozag
Hepliaklqana
Kikubaaqudgha
Makhleb
Nemelex Xobeh
Okawaru
Qazlal
Ru
Sif Muna
Trog
Uskayaw
Vehumet
Wu Jian
Xom
Yredelemnul
Zin
The Shining One
Beogh
Jiyva
Lugonu

Shops:
D %=*%

Annotations:
D Xtahua


Innate Abilities, Weirdness & Mutations

You are resistant to torment.
Your stone body is resilient. (AC +11)
You are immune to poison.
Your large and strong wings let you fly indefinitely.
You resist negative energy. (rN+)
You are resistant to electric shocks. (rElec)
You can survive without breathing.
You are immune to petrification.
You are immune to rotting.


Message History

Your weapon exudes an aura of protection.
Xtahua is lightly wounded.
Xtahua completely misses you. Xtahua claws you but does no damage.
You block Xtahua's attack.
You hit Xtahua but do no damage.
Xtahua is lightly wounded.
You block Xtahua's attack. Xtahua misses you.
Xtahua tramples you but does no damage.
You impale Xtahua!!
Xtahua is moderately wounded.
You hit Xtahua but do no damage.
Xtahua is moderately wounded.
Xtahua barely misses you. Xtahua claws you but does no damage.
Xtahua tramples you but does no damage.
You barely miss Xtahua.
Xtahua is moderately wounded.
Xtahua breathes flames at you. The searing blast hits you!!!!
Ouch! That really hurt!
You die...

▓.▓)▓.▓.▓)▓.▓(▓.
▓.▓'▓.▓)▓.▓)▓.▓)▓.
▓.▓)▓÷▓)▓.▓)▓.▓)▓.
▓.▓.▓.▓)▓.▓)▓.▓[▓.
▓.▓(▓.▓)▓.▓)▓.▓)▓.
▓.▓)▓.▓.▓.▓)▓.▓.▓.
▓.▓)▓.▓.▓.▓)▓.▓.▓.
▓D▓÷▓.▓.▓.▓.▓.▓.▓.
▓@▓[▓.▓.▓.▓[▓.▓.▓.
▓.▓.▓.▓'▓.▓[▓.▓.▓.
▓.▓.▓.▓†▓.▓.▓.▓.▓.
▓°▓.▓.▓)▓.▓[▓.▓)▓.
▓.▓.▓.▓)▓.▓[▓.▓[▓.
▓.▓.▓.▓†▓.▓[▓.▓)▓.
▓[▓.▓.▓)▓.▓[▓.▓)▓.
▓.▓.▓.▓†▓.▓[▓.▓)▓.
▓.▓.▓.▓.▓.▓.▓.▓)▓.


You could see Xtahua.

Vanquished Creatures
  Boris (D)
  Jory (D)
  An Orb Guardian (D)
  A lich (D)
  A sphinx (D)
  A nagaraja (D)
  A tengu reaver (D)
  A fire giant (D)
  2 vault wardens (D)
  A very ugly thing (D)
  A stone giant (D)
  An ironheart preserver (D)
  An entropy weaver (D)
  An ettin (D)
  Azrael (D)
  A merfolk impaler (D)
  A yaktaur captain (D)
  2 fire dragons (D)
  3 ice dragons (D)
  2 vault guards (D)
  A rakshasa (D)
  A shambling mangrove (D)
  3 hydras (D)
  2 anacondas (D)
  A merfolk avatar (D)
  4 centaur warriors (D)
  A two-headed ogre (D)
  Erica (D)
  An alligator (D)
  2 ogre magi (D)
  A hell knight (D)
  2 deep troll shamans (D)
  Sonja (D)
  2 orc high priests (D)
  2 spriggan druids (D)
  An unseen horror (D)
  2 wizards (D)
  A sea snake (D)
  4 orc knights (D)
  A glowing orange brain (D)
  2 ironbrand convokers (D)
  3 necromancers (D)
  An ugly thing (D)
  3 wolf spiders (D)
  A cyclops (D)
  3 orc sorcerers (D)
  A salamander (shapeshifter) (D)
  A moth of wrath (D)
  A merfolk siren (D)
  4 black mambas (D)
  An elephant (D)
  Joseph (D)
  A vault sentinel (D)
  2 spiny frogs (D)
  A water nymph (D)
  A yaktaur (D)
  2 tengu conjurers (D)
  2 komodo dragons (D)
  A demonic crawler (D)
  A troll (D)
  2 tyrant leeches (D)
  4 polar bears (D)
  2 hornets (D)
  A blink frog (D)
  A polar bear (shapeshifter) (D)
  A raiju (shapeshifter) (D)
  A merfolk (D)
  2 hippogriffs (D)
  A bog body (D)
  A snapping turtle (D)
  3 redbacks (D)
  2 tarantellas (D)
  2 wraiths (D)
  A hog (shapeshifter) (D)
  2 yaks (D)
  3 fire elementals (D)
  A human (shapeshifter) (D)
  A basilisk (D)
  A vampire mosquito (D)
  3 nagas (D)
  2 hell hounds (D)
  A porcupine (D)
  A water moccasin (D)
  2 sky beasts (D)
  13 orc warriors (D)
  5 black bears (D)
  A tengu (shapeshifter) (D)
  A phantom (D)
  2 centaurs (D)
  A crocodile (D)
  4 bullfrogs (D)
  A wight (D)
  A crimson imp (D)
  A jelly (D)
  3 orc priests (D)
  An orc wizard (D)
  A worker ant (D)
  2 adder zombies (D)
  An adder skeleton (D)
  15 orcs (D)
  A bat skeleton (D)
  A giant cockroach (D)
  A hobgoblin (D)
  A bat (D)
  A frilled lizard (D)
  A kobold (D)
  A rat (D)
193 creatures vanquished.

Vanquished Creatures (others)
  Frederick (D)
1 creature vanquished.

Grand Total: 194 creatures vanquished

Notes
Turn   | Place    | Note
-------+----------+-------------------------------------------
     0 | D        | Groucho the Gargoyle Fighter began the quest for the Orb.
     0 | D        | Reached XP level 1. HP: 14/14 MP: 1/1
    31 | D        | Noticed a worker ant
    31 | D        | Noticed a centaur
    35 | D        | Killed a worker ant
    35 | D        | Reached skill level 4 in Armour
    35 | D        | Reached XP level 2. HP: 18/20 MP: 2/2
    35 | D        | Reached XP level 3. HP: 22/24 MP: 3/3
    45 | D        | Killed a centaur
    45 | D        | Reached skill level 5 in Fighting
    45 | D        | Reached skill level 5 in Armour
    45 | D        | Reached skill level 5 in Shields
    45 | D        | Reached XP level 4. HP: 21/32 MP: 4/4
    46 | D        | Reached skill level 6 in Armour
    53 | D        | Reached skill level 5 in Maces & Flails
    59 | D        | Found a roughly hewn altar of Beogh.
    59 | D        | Found a snail-covered altar of Cheibriados.
    59 | D        | Found a shadowy altar of Dithmenos.
    59 | D        | Found a white marble altar of Elyvilon.
    59 | D        | Found a blossoming altar of Fedhas.
    59 | D        | Found an opulent altar of Gozag.
    60 | D        | Found a hazy altar of Hepliaklqana.
    61 | D        | Found a viscous altar of Jiyva.
    62 | D        | Found an ancient bone altar of Kikubaaqudgha.
    63 | D        | Became a worshipper of Cheibriados the Contemplative
    64 | D        | Found a corrupted altar of Lugonu.
    65 | D        | Found a burning altar of Makhleb.
    66 | D        | Found a sparkling altar of Nemelex Xobeh.
    67 | D        | Found an iron altar of Okawaru.
    68 | D        | Found a stormy altar of Qazlal.
    69 | D        | Found a sacrificial altar of Ru.
    70 | D        | Found a deep blue altar of Sif Muna.
    71 | D        | Found a bloodstained altar of Trog.
    72 | D        | Found a hide-covered altar of Uskayaw.
    73 | D        | Found a radiant altar of Vehumet.
    74 | D        | Found an ornate altar of the Wu Jian Council.
    75 | D        | Found a shimmering altar of Xom.
    76 | D        | Found a basalt altar of Yredelemnul.
    77 | D        | Found a glowing silver altar of Zin.
    78 | D        | Found a glowing golden altar of the Shining One.
   131 | D        | Noticed a hornet
   131 | D        | Noticed a phantom
   137 | D        | Reached skill level 1 in Invocations
   137 | D        | Reached XP level 5. HP: 36/37 MP: 4/6
   138 | D        | Reached * piety under Cheibriados
   146 | D        | Reached ** piety under Cheibriados
   150 | D        | Killed a hornet
   150 | D        | Reached skill level 7 in Armour
   150 | D        | Reached XP level 6. HP: 44/44 MP: 5/9
   155 | D        | Killed a phantom
   155 | D        | Reached *** piety under Cheibriados
   155 | D        | Reached skill level 8 in Armour
   155 | D        | Reached skill level 5 in Invocations
   155 | D        | Reached XP level 7. HP: 49/49 MP: 6/10
   404 | D        | Noticed a troll
   415 | D        | Reached **** piety under Cheibriados
   427 | D        | Reached skill level 9 in Armour
   451 | D        | Killed a troll
   451 | D        | Reached XP level 8. HP: 37/56 MP: 13/13
   566 | D        | Noticed Erica
   587 | D        | Killed Erica
   587 | D        | Reached ***** piety under Cheibriados
   587 | D        | Reached skill level 10 in Fighting
   587 | D        | Reached skill level 10 in Armour
   587 | D        | Reached skill level 10 in Shields
   904 | D        | Noticed a komodo dragon
   904 | D        | Noticed a hippogriff
   904 | D        | Noticed a spiny frog
   905 | D        | Reached XP level 9. HP: 63/63 MP: 15/15
   906 | D        | Noticed an eight-headed hydra
   909 | D        | Killed a komodo dragon
   912 | D        | Reached skill level 11 in Armour
   912 | D        | Killed a spiny frog
   912 | D        | Reached skill level 10 in Maces & Flails
   917 | D        | Killed an eight-headed hydra
   917 | D        | Reached skill level 10 in Invocations
   917 | D        | Reached XP level 10. HP: 47/71 MP: 1/17
  1031 | D        | Noticed an elephant
  1043 | D        | Killed an elephant
  1059 | D        | Noticed a black mamba
  1066 | D        | Reached skill level 12 in Armour
  1066 | D        | Reached ****** piety under Cheibriados
  1066 | D        | Killed a black mamba
  1108 | D        | Reached skill level 13 in Armour
  1229 | D        | Reached XP level 11. HP: 78/78 MP: 19/19
  1628 | D        | Noticed an orc high priest
  1632 | D        | Killed an orc high priest
  1633 | D        | Noticed an orc knight
  1634 | D        | Noticed an orc knight
  1650 | D        | Killed an orc knight
  1656 | D        | Killed an orc knight
  1713 | D        | Found Yzismes's Food Emporium.
  1713 | D        | Noticed an orc sorcerer
  1713 | D        | Noticed an orc high priest
  1713 | D        | Noticed an orc knight
  1715 | D        | Killed an orc sorcerer
  1717 | D        | Found Gihi's Jewellery Shoppe.
  1717 | D        | Noticed an orc sorcerer
  1719 | D        | Killed an orc high priest
  1719 | D        | Reached skill level 14 in Armour
  1724 | D        | Killed an orc knight
  1725 | D        | Found Gutua's Assorted Antiques.
  1730 | D        | Killed an orc sorcerer
  1734 | D        | Found Soph's Food Shoppe.
  1737 | D        | Noticed an orc sorcerer
  1747 | D        | Killed an orc sorcerer
  1795 | D        | Bought an uncursed ring of protection from cold for 300
                  | gold pieces
  1795 | D        | Bought a +2 ring of evasion for 120 gold pieces
  1795 | D        | Bought an uncursed amulet of magic regeneration for 360
                  | gold pieces
  1968 | D        | Noticed a two-headed ogre
  1968 | D        | Noticed a four-headed hydra
  1977 | D        | Noticed an ettin
  1983 | D        | Killed a two-headed ogre
  1998 | D        | Killed an unseen horror
  2007 | D        | Killed a four-headed hydra
  2007 | D        | Reached XP level 12. HP: 84/86 MP: 22/22
  2017 | D        | Killed an ettin
  2029 | D        | Reached skill level 15 in Fighting
  2029 | D        | Reached skill level 15 in Armour
  2029 | D        | Reached skill level 15 in Shields
  2288 | D        | Noticed a deep troll shaman
  2289 | D        | Noticed a deep troll shaman
  2290 | D        | Noticed a yaktaur captain
  2292 | D        | Killed a deep troll shaman
  2294 | D        | Killed a deep troll shaman
  2304 | D        | Killed a yaktaur captain
  2364 | D        | Noticed Sonja
  2382 | D        | Killed Sonja
  2382 | D        | Reached skill level 1 in Dodging
  2597 | D        | Noticed an anaconda
  2597 | D        | Noticed an anaconda
  2597 | D        | Noticed a nagaraja
  2600 | D        | Killed an anaconda
  2600 | D        | Killed an anaconda
  2602 | D        | Reached skill level 15 in Invocations
  2617 | D        | Killed a nagaraja
  2617 | D        | Reached skill level 16 in Armour
  2654 | D        | Noticed a merfolk avatar
  2654 | D        | Noticed a merfolk impaler
  2669 | D        | Reached skill level 15 in Maces & Flails
  2671 | D        | Reached XP level 13. HP: 92/92 MP: 14/24
  2671 | D        | Reached skill level 5 in Dodging
  2673 | D        | Killed a merfolk impaler
  2701 | D        | Noticed an entropy weaver
  2721 | D        | Reached skill level 17 in Armour
  2723 | D        | Killed an entropy weaver
  2980 | D        | Noticed Joseph
  2991 | D        | Killed Joseph
  3029 | D        | Noticed Azrael
  3048 | D        | Killed Azrael
  3327 | D        | Noticed a rakshasa
  3327 | D        | Noticed a fire giant
  3327 | D        | Noticed a lich
  3328 | D        | Noticed a tengu reaver
  3332 | D        | Reached skill level 18 in Armour
  3336 | D        | Noticed an ice dragon
  3343 | D        | Killed a rakshasa
  3350 | D        | Killed a fire giant
  3350 | D        | Noticed a stone giant
  3353 | D        | Killed a lich
  3353 | D        | Gained mutation: Your large and strong wings let you fly
                  | indefinitely. [Gargoyle growth]
  3353 | D        | Reached XP level 14. HP: 57/98 MP: 11/26
  3355 | D        | Killed a tengu reaver
  3358 | D        | Noticed a white very ugly thing
  3369 | D        | Killed a stone giant
  3372 | D        | Reached skill level 19 in Armour
  3372 | D        | Reached skill level 10 in Dodging
  3377 | D        | Killed a white very ugly thing
  3660 | D        | Noticed a vault warden
  3667 | D        | Killed a vault warden
  3673 | D        | Noticed a vault warden
  3687 | D        | Killed a vault warden
  3698 | D        | Reached skill level 20 in Armour
  3722 | D        | Noticed a sphinx
  3722 | D        | Noticed an Orb Guardian
  3725 | D        | Killed an Orb Guardian
  3726 | D        | Paralysed by a sphinx for 3 turns
  3732 | D        | Killed a sphinx
  3732 | D        | Reached XP level 15. HP: 78/107 MP: 8/28
  4201 | D        | Noticed Frederick
  4202 | D        | Noticed Jory
  4213 | D        | Killed Frederick
  4213 | D        | Reached skill level 21 in Armour
  4247 | D        | Killed Jory
  4509 | D        | Noticed Boris
  4539 | D        | Killed Boris
  4977 | D        | Noticed Xtahua
  4985 | D        | Killed from afar by Xtahua

Skill      XL: |  1  2  3  4  5  6  7  8  9 10 11 12 13 14 15 |
---------------+----------------------------------------------+-----
Fighting       | 4 5 6 7 8 9 10 11 13 14 15 17 18 | 18.5
Maces & Flails | 3 4 5 6 7 8 9 10 11 13 15 17 | 17.9
Armour         | 4 5 6 7 8 9 10 11 13 14 16 18 20 21 | 21.6
Shields        | 4 5 6 7 8 9 10 11 13 14 15 17 18 | 18.5
Invocations    | 1 4 5 7 8 10 11 13 15 17 18 | 18.7
Dodging        | 4 9 12 13 | 13.6

Action                   |  1- 3 |  4- 6 |  7- 9 | 10-12 | 13-15 || total
-------------------------+-------+-------+-------+-------+-------++-------
Melee: Flail             |    33 |     8 |       |       |       ||    41
       Morningstar       |       |    23 |    69 |   253 |   344 ||   689
Invok: Slouch            |       |       |     3 |    17 |    29 ||    49
  Use: Potion            |     1 |       |     3 |     3 |     8 ||    15
  Eat: Ration            |       |       |       |     3 |     1 ||     4
Armor: Scale mail        |    26 |    12 |    52 |    32 |       ||   122
       Plate armour      |       |       |       |    69 |   111 ||   180
Dodge: Dodged            |     5 |     5 |    28 |    62 |   136 ||   236
Block: Shield            |    21 |    16 |    47 |   162 |   204 ||   450
